 Dungeon Crawl Stone Soup version 0.25-a0-413-g3b4b6a4ccc (webtiles) character file.

Game seed: 13900205459238674, levelgen mode: deterministic

632 Gargoyl the Skirmisher (level 7, 0/59 HPs)
             Began as a Centaur Abyssal Knight on Jan 15, 2020.
             Was a Priest of Lugonu.
             Slain by a killer bee (2 damage)
             ... on level 4 of the Dungeon.
             The game lasted 00:05:14 (3402 turns).

Gargoyl the Skirmisher (Centaur Abyssal Knight)     Turns: 3402, Time: 00:05:14

Health: 0/59       AC: 13    Str: 15    XL:     7   Next: 24%
Magic:  9/9        EV:  8    Int: 16    God:    Lugonu [***...]
Gold:   162        SH:  0    Dex: 10    Spells: 6/6 levels left

rFire    + . .     SeeInvis .   b - +1 short sword (speed)
rCold    + . .     Gourm    .   (no shield)
rNeg     . . .     Faith    .   i - +0 scale mail
rPois    +         Spirit   .   d - +2 helmet
rElec    +         Reflect  .   (no cloak)
rCorr    +         Harm     .   k - +2 pair of gloves
MR       .....                  (no barding)
Stlth    ..........             (no amulet)
HPRegen  0.19/turn              j - ring of stealth
MPRegen  0.11/turn              (no ring)

@: brilliant, lethally poisoned (0 -> -1), resistant, very quick
A: large, hooves 3, deformed body, speed 2, tough skin 3
a: Depart the Abyss, Bend Space, Banish, Renounce Religion


You were on level 4 of the Dungeon.
You worshipped Lugonu.
Lugonu was most pleased with you.
You were near starving.

You visited 1 branch of the dungeon, and saw 5 of its levels.
You visited the Abyss 1 time.
You also visited: Sewer.

You collected 162 gold pieces.

Inventory:

Hand Weapons
 a - a +1 hand axe
 b - a +1 short sword of speed (weapon)
Armour
 d - a +2 helmet (worn)
 i - a +0 scale mail (worn)
 k - a +2 pair of gloves (worn)
Jewellery
 j - a ring of stealth (left hand)
Scrolls
 e - 2 scrolls of blinking
 f - 2 scrolls of remove curse
 g - 3 scrolls of identify
 h - 2 scrolls of magic mapping {unknown}
 l - 2 scrolls of fog
 o - 2 scrolls of fear
Potions
 m - a potion of curing
Comestibles
 c - 12 rations
 q - 2 chunks of flesh


   Skills:
 + Level 4.0 Fighting
 + Level 3.1 Short Blades
 + Level 2.9 Axes
 * Level 3.0 Armour
 * Level 2.3 Dodging
 * Level 3.8 Invocations


You had 6 spell levels left.
You didn't know any spells.
Your spell library was empty.

Dungeon Overview and Level Annotations

Branches:
Dungeon (5/15)              Sewer (visited)
 Temple: D:4-7

Altars:
Elyvilon
Hepliaklqana
Kikubaaqudgha


Innate Abilities, Weirdness & Mutations

You have hooves in place of feet.
Armour fits poorly on your strangely shaped body.
You cover ground very quickly.
You have extremely tough skin. (AC +3)


Message History

The killer bee stings you but does no damage.
You miss the killer bee. Your kick misses the killer bee.
The killer bee is heavily wounded.
The killer bee barely misses you.
You hit the killer bee.
The killer bee is severely wounded.
The killer bee stings you but does no damage.
You miss the killer bee. Your kick misses the killer bee.
The killer bee is severely wounded.
You feel sick. The killer bee stings you.
* * * LOW HITPOINT WARNING * * *
The killer bee stings you.
* * * LOW HITPOINT WARNING * * *
You barely miss the killer bee.
The killer bee is severely wounded.
The killer bee barely misses you.
You miss the killer bee.
The killer bee is severely wounded.
The killer bee stings you.
You die...

#.......###### ...
#............#
..####
#.......####.#
.....# ##.....##
#.# #.##.# ##...##
#÷# #.##.# ##.##
#.# ######.##.###
#.# #.#
#.>.........####.#
#.# #........@y.#
#.# #
#.##.#.###### ..#
#.#.####÷##.#.#
###
............#†#
.........#..#≈#
###.###.....o.#
#.........#.#
#.###.##.##.#
#.###.......####


You could see a killer bee.

Vanquished Creatures
  A sky beast (D:4)
  3 big kobolds (Sewer)
  A scorpion (D:4)
  A hound (D:4)
  An orc wizard (D:2)
  An iguana (D:4)
  A worker ant (D:4)
  A worker ant zombie (D:4)
  8 adders
  3 oozes
  2 worms (D:2)
  2 dart slugs
  3 leopard geckos
  2 orcs (D:3)
  3 ball pythons
  8 giant cockroaches
  9 goblins
  4 hobgoblins
  6 kobolds
  6 bats
  5 frilled lizards
  A quokka skeleton (D:4)
  13 rats
85 creatures vanquished.

Notes
Turn   | Place    | Note
-------+----------+-------------------------------------------
     0 | Abyss:1  | Gargoyl the Centaur Abyssal Knight began the quest for the
                  | Orb.
     0 | Abyss:1  | Reached XP level 1. HP: 19/19 MP: 2/2
    34 | Abyss:1  | Noticed an ancient zyme
    63 | Abyss:2  | Noticed a raiju
    72 | Abyss:2  | Noticed a wretched star
    74 | Abyss:2  | Noticed an iron imp
    75 | D:1      | Escaped the Abyss
   143 | D:1      | Reached * piety under Lugonu
   300 | D:1      | Reached XP level 2. HP: 18/26 MP: 3/3
   526 | D:1      | Reached skill level 1 in Dodging
   741 | D:1      | Reached XP level 3. HP: 31/31 MP: 4/4
  1083 | D:2      | Found a hazy altar of Hepliaklqana.
  1091 | D:2      | Reached ** piety under Lugonu
  1101 | D:2      | Found a white marble altar of Elyvilon.
  1101 | D:2      | Found an ancient bone altar of Kikubaaqudgha.
  1332 | D:2      | Reached XP level 4. HP: 6/39 MP: 5/5
  2373 | D:3      | You fall into a shaft and drop 2 floors!
  2373 | D:5      | Entered Level 5 of the Dungeon
  2411 | D:4      | Reached XP level 5. HP: 45/45 MP: 7/7
  2419 | D:4      | Found a glowing drain.
  2436 | D:4      | Noticed an orc warrior
  2533 | D:4      | Reached skill level 1 in Short Blades
  2552 | Sewer    | Entered a sewer
  3097 | Sewer    | Reached XP level 6. HP: 52/52 MP: 8/8
  3195 | Sewer    | Reached *** piety under Lugonu
  3208 | Sewer    | Reached skill level 4 in Fighting
  3287 | D:4      | Noticed a sky beast
  3313 | D:4      | Reached XP level 7. HP: 57/59 MP: 9/9
  3400 | D:4      | HP: 2/59 [killer bee (5)]
  3402 | D:4      | Slain by a killer bee

Levels and vault maps discovered:
D:1:      kilobyte_arrival_exit_the_forest, layout_rooms
D:2:      minmay_wonky_spiral, layout_basic,
          chequers_temple_overflow_statue_of_worship, first_ration,
          minmay_tetromino_t4
D:3:      layout_rooms
D:4:      layout_loops_ring, minmay_temple_entry_statues_pillars,
          cheibrodos_sewer_entry_drain, serial_shops, shop_statue,
          minmay_manual_monstrance
D:5:      layout_loops_cross, lemuel_angel_altar

Skill      XL: |  1  2  3  4  5  6  7 |
---------------+----------------------+-----
Axes           | 2 |  2.9
Dodging        | 1 2 |  2.3
Armour         | 2 3 |  3.0
Short Blades   | 2 3 |  3.1
Invocations    | 3 |  3.8
Fighting       | 4 |  4.0

Action                   |  1- 3 |  4- 6 |  7- 9 || total
-------------------------+-------+-------+-------++-------
Melee: Hand axe          |   117 |    29 |       ||   146
       Kick              |    17 |    30 |    11 ||    58
       Short sword       |       |   150 |    57 ||   207
Invok: Depart the Abyss  |     1 |       |       ||     1
  Use: Scroll            |     6 |     3 |     1 ||    10
       Potion            |     2 |       |     2 ||     4
  Eat: Chunk             |       |     5 |       ||     5
Armor: Leather armour    |    51 |     6 |       ||    57
       Scale mail        |       |    78 |    32 ||   110
Dodge: Dodged            |    47 |    46 |    31 ||   124

Table legend:
 A = Non-vault XP
 B = Vault XP
 C = Vault XP percentage of total XP
 D = Non-vault monster count
 E = Vault monster count
 F = Vault count percentage of total count
                 A         B        C        D         E       F
            +---------+---------+-------+---------+---------+-------
      Total |     370 |     533 |  59.0 |      60 |      25 |  29.4
            +---------+---------+-------+---------+---------+-------
        D:1 |      53 |       0 |   0.0 |      31 |       0 |   0.0
        D:2 |      82 |      33 |  28.7 |      14 |       7 |  33.3
        D:3 |      22 |       0 |   0.0 |       7 |       0 |   0.0
        D:4 |     213 |     133 |  38.4 |       8 |       3 |  27.3
      Sewer |       0 |     367 | 100.0 |       0 |      15 | 100.0
            +---------+---------+-------+---------+---------+-------
